 Dungeon Crawl Stone Soup version 0.30-a0-4-ga7cffc901d (webtiles) character file.

Game seed: 6547753196927859631

17 Setbun the Sneak (level 2, 0/16 HPs)
             Began as a Kobold Enchanter on Aug 20, 2022.
             Killed by divine providence
             ... invoked by an orc priest
              (12 damage)
             ... on level 2 of the Dungeon.
             The game lasted 00:00:37 (1060 turns).

Setbun the Sneak (Kobold Enchanter)                 Turns: 1060, Time: 00:00:38

Health: 0/16       AC:  2    Str:  5    XL:     2   Next: 80%
Magic:  5/5        EV: 15    Int: 16    God:
Gold:   27         SH:  0    Dex: 15    Spells: 5/5 levels left

rFire   . . .      SeeInvis .    a - +1 dagger
rCold   . . .      Faith    .    (no shield)
rNeg    . . .      Spirit   .    b - +0 robe
rPois   .          Reflect  .    (no helmet)
rElec   .          Harm     .    (no cloak)
rCorr   .          Rampage  .    (no gloves)
Will    .....                    (no boots)
Stlth   ++++......               (no amulet)
HPRegen 0.05/turn                (no ring)
MPRegen 0.09/turn                (no ring)

@: no status effects
A: small, no large weapons, nightstalker 3
a: no special abilities


You were on level 2 of the Dungeon.
You visited 1 branch of the dungeon, and saw 2 of its levels.

You collected 27 gold pieces.

Inventory:

Hand Weapons
 a - a +1 dagger (weapon)
Armour
 b - a +0 robe (worn)
Jewellery
 g - a ring of protection from cold
Scrolls
 f - a scroll of enchant armour {unknown}
 j - a scroll of identify {unknown}
 l - a scroll of vulnerability {unknown}
Potions
 c - 2 potions of invisibility
 d - a potion of brilliance {unknown}
 e - 2 potions of curing {unknown}
 h - 2 potions of heal wounds {unknown}
 i - a potion of magic {unknown}
 k - a potion of mutation {unknown}
 m - a potion of cancellation {unknown}
 n - a potion of resistance {unknown}


   Skills:
 + Level 0.3 Fighting
 * Level 2.0 Short Blades
 + Level 2.6 Dodging
 + Level 4.1 Stealth
 * Level 2.4 Spellcasting
 * Level 3.2 Hexes


You had 5 spell levels left.
You didn't know any spells.
Your spell library contained the following spells:

 Spells                   Type           Power      Damage    Failure   Level
 Ensorcelled Hibernation  Hex/Ice        14%        N/A       16%         2
 Confusing Touch          Hex            12%        N/A       16%         3
 Tukima's Dance           Hex            12%        N/A       16%         3
 Dazzling Flash           Conj/Hex       14%        N/A       30%         3


Dungeon Overview and Level Annotations

Branches:
Dungeon (2/15)

Altars:


Innate Abilities, Weirdness & Mutations

You are small and have problems with some larger weapons.
You are completely attuned to the shadows.


Message History

You can't go down here!
(D) Dungeon
Where to? (? - help)
You see here 2 stones.
There is a stone staircase leading down here.
You climb downwards.
There is a stone staircase leading up here.
Found a stone staircase leading down.
n - a lumpy black potion A rat comes into view.
A rat is nearby!
Found a stone staircase leading up.
A rat comes into view.
The rat closely misses you.
You hit the rat.
The rat is heavily wounded.
You hit the rat.
You kill the rat!
You see here a rat corpse.
Found a stone staircase leading down.
The helpless rat fails to defend itself.
You impale the rat!!
You kill the rat!
No target in view!
No target in view!
No target in view!
Found an escape hatch in the ceiling.
An orc priest and 2 orcs come into view.
An orc priest comes into view. It is wielding a +0 club.
The orc priest shouts!
The orc shouts!
The orc priest shouts!
The orc shouts!
You hear a shout!
The orc hits you with a +0 short sword.
You completely miss the orc priest. The orc barely misses you.
The orc hits you with a +0 short sword. The orc priest closely misses you.
An orc comes into view. It is wielding a +0 dagger.
You barely miss the orc priest.
The orc priest mumbles some strange prayers to Beogh against you.
Beogh smites you!
Ouch! That really hurt!
You die...

#...# .#
####...##.##.# #...#
# ######.#..# #...#
.# #.#.## #...######
...# #.....
.........###.###.# #.
###.##
...............#.#..o
#.#
.........#.#...#.#.#.
####.##
#...#######....#.o.o.
#...... #...#
###....@o# #.#####
#......#o..# # #
#.##.#.##### .# # #.
#.#.# #.# # # #....
####.##### ###
#......... #.#<..#>.#
#........#
.......#.##


You could see 2 orc priests and 3 orcs.

Vanquished Creatures
  A ball python (D:1)
  2 endoplasms (D:1)
  A goblin (D:1)
  3 hobgoblins (D:1)
  A kobold (D:1)
  2 quokkas (D:1)
  2 frilled lizards (D:1)
  3 rats
15 creatures vanquished.

Notes
Turn   | Place    | Note
-------+----------+-------------------------------------------
     0 | D:1      | Setbun the Kobold Enchanter began the quest for the Orb.
     0 | D:1      | Reached XP level 1. HP: 10/10 MP: 3/3
   255 | D:1      | Reached XP level 2. HP: 6/15 MP: 5/5
  1060 | D:2      | Killed from afar by an orc priest

Illustrated notes

Levels and vault maps discovered:
D:1:      scummos_arrival_gate, layout_rooms, minivault_4
D:2:      layout_loops_cross, serial_shops, shop, shop, shop, shop

Skill      XL: |  1  2 |
---------------+-------+-----
Short Blades   | 2 |  2.0
Fighting       | |  0.3
Dodging        | |  2.6
Stealth        | |  4.1
Spellcasting   | |  2.4
Hexes          | |  3.2

Action                   || total
-------------------------++-------
Melee: Dagger            ||    41
       Punch             ||     1
 Stab: Sleeping          ||     6
Armor: Robe              ||     3
Dodge: Dodged            ||    20

Table legend: (Time is in decaauts)
 A = Elapsed time spent in this place.
 B = Non-inter-level travel time spent in this place.
 C = Inter-level travel time spent in this place.
 D = Time resting spent in this place.
 E = Time spent auto-exploring this place.
 F = Levels seen in this place.
 G = Mean time per level.
                   A        B        C        D        E       F      G
               +--------+--------+--------+--------+--------+-----+--------+
         Total |   1056 |   1042 |     14 |    261 |    683 |   2 |  528.0 |
       Dungeon |   1056 |   1042 |     14 |    261 |    683 |   2 |  528.0 |
               +--------+--------+--------+--------+--------+-----+--------+

Top non-repeatable levels by time:
     D:1: 962 daAuts
     D:2: 94 daAuts
